 Dungeon Crawl Stone Soup version 0.20.0-15-g7f486f2 (webtiles) character file.

1250 Monsterracer the Martial Artist (level 8, -3/60 HPs)
             Began as a Pale Draconian Transmuter on June 18, 2017.
             Was an Initiate of Okawaru.
             Slain by an orc warrior
             ... wielding a +2 short sword of flaming
              (10 damage)
             ... on level 6 of the Dungeon.
             The game lasted 00:14:50 (5081 turns).

Monsterracer the Martial Artist (DrTm)              Turns: 5081, Time: 00:14:52

Health: -3/60      AC:  2    Str: 12    XL:     8   Next: 26%
Magic:  9/11       EV: 20    Int: 16    God:    Okawaru [......]
Gold:   118        SH:  0    Dex: 17    Spells: 1/11 levels left

rFire    . . .     SeeInvis .     - Unarmed
rCold    + . .     Gourm    .   (shield currently unavailable)
rNeg     . . .     Faith    .   (armour unavailable)
rPois    x         Spirit   .   (helmet currently unavailable)
rElec    .         Reflect  .   (cloak currently unavailable)
rCorr    +         Harm     .   (gloves currently unavailable)
MR       .....                  (boots currently unavailable)
Stlth    ++........             (no amulet)
Regen    0.2/turn               e - ring of protection from cold
MPRegen  0.2/turn               u - ring of resist corrosion

@: spider-form (expiring)
A: (breathe steam), unfitting armour, AC +6
a: End Transformation, Renounce Religion


You were on level 6 of the Dungeon.
You worshipped Okawaru.
Okawaru was noncommittal.
You were not hungry.
You were a venomous arachnid creature.
You visited 2 branches of the dungeon, and saw 7 of its levels.

You collected 250 gold pieces.
You spent 132 gold pieces at shops.

Inventory:

Missiles
 a - 26 arrows
Armour
 d - a +0 pair of gloves (melded)
 j - a +1 pair of boots (melded)
 p - a +2 cloak of poison resistance (melded)
Jewellery
 e - a ring of protection from cold (left front leg)
 o - an uncursed ring of ice
 u - a ring of resist corrosion (right front leg)
Wands
 x - a wand of digging (14/24)
Scrolls
 f - 2 scrolls of magic mapping
 g - a scroll of fog
 k - a scroll of blinking
 l - a scroll of recharging
 n - 4 scrolls of remove curse
 r - 3 scrolls of identify
Potions
 i - a potion of curing
 m - a potion of haste
 s - a potion of berserk rage
 t - a potion of ambrosia
Books
 b - a book of Changes

   Spells                             Type                      Level
   a - Beastly Appendage              Transmutation                1
   b - Sticks to Snakes               Transmutation                2
   c - Spider Form                    Transmutation/Poison         3
   d - Ice Form                       Ice/Transmutation            4
   e - Blade Hands                    Transmutation                5
 v - a book of Minor Magic

   Spells                             Type                      Level
   a - Magic Dart                     Conjuration                  1
   b - Blink                          Translocation                2
   c - Call Imp                       Summoning                    2
   d - Slow                           Hexes                        2
   e - Conjure Flame                  Conjuration/Fire             3
   f - Mephitic Cloud                 Conjuration/Poison/Air       3
Comestibles
 c - 6 bread rations
 h - a meat ration
 q - 2 royal jellies


   Skills:
 + Level 1.7 Fighting
 + Level 2.2 Dodging
 * Level 8.4 Unarmed Combat
 - Level 2.0 Spellcasting
 * Level 5.9 Transmutations
 + Level 0.9 Invocations


You had one spell level left.
You knew the following spells:

 Your Spells              Type           Power        Failure   Level  Hunger
a - Blade Hands           Tmut           ###.......   67%         5    ######.
b - Sticks to Snakes      Tmut           ###.....     10%         2    ###....
c - Spider Form           Tmut/Pois      ##........   38%         3    ###....


Dungeon Overview and Level Annotations

Branches:
Dungeon (6/15)             Temple (1/1) D:5

Altars:
Ashenzari
Cheibriados
Dithmenos
Elyvilon
Fedhas
Gozag
Kikubaaqudgha
Makhleb
Nemelex Xobeh
Okawaru
Qazlal
Ru
Sif Muna
Trog
Uskayaw
Vehumet
Yredelemnul
Zin
The Shining One

Shops:
D:4 ?


Innate Abilities, Weirdness & Mutations

((You can breathe blasts of scalding, opaque steam.))
((Your pale cyan-grey scales are hard. (AC +6)))
You cannot fit into any form of body armour.
((You are cold-blooded and may be slowed by cold attacks.))


Message History

The orc priest is almost dead.
You kill the orc priest!
Okawaru accepts your kill. The orc warrior completely misses you.
You hit the orc warrior but do no damage.
The orc warrior is poisoned.
The orc warrior hits you with a short sword of flaming!
* * * LOW HITPOINT WARNING * * *
The orc warrior burns you.
* * * LOW HITPOINT WARNING * * *
You barely miss the orc warrior. The orc warrior misses you.
The orc barely misses you.
You bite the orc warrior!
The orc warrior looks as sick as possible!
The orc warrior is moderately wounded.
Your transformation is almost over.
The orc warrior hits you with a short sword of flaming!!
* * * LOW HITPOINT WARNING * * *
The orc warrior burns you!
You die...

#. #.#... ##.# #.#
##.#.#. ... #.#
##....## #.. #.#
####.#.#.## #.. #.#
#.>.......# #.. #.#
#.##.#.#.##
#..##.####.###...##
#.###...............##
#....$os..####.######
######o#### #.# ...
#.# ##.# #.# #. #.# #.
#.# # #.# ...


You could see an orc warrior and an orc.

Vanquished Creatures
  The ghost of Terandir the Magician, an amateur DEEE (D:5)
  The ghost of Overlord the Firebug, an amateur DrFE of Vehumet (D:4)
  A bullfrog (D:6)
  A howler monkey (D:5)
  A crimson imp (D:6)
  6 orc priests
  A hound (D:4)
  Crazy Yiuf (D:2)
  A centaur skeleton (D:4)
  A jelly (D:5)
  5 orc wizards
  Jessica (D:3)
  2 worker ants
  A hound skeleton (D:5)
  4 gnolls (D:2)
  10 adders
  2 shadow imps
  3 oozes
  A worm (D:2)
  A dart slug (D:2)
  4 leopard geckos
  18 orcs
  A ball python (D:1)
  4 giant cockroaches
  11 goblins
  9 hobgoblins
  7 jackals
  4 kobolds
  12 bats
  7 frilled lizards
  5 rats
127 creatures vanquished.

Vanquished Creatures (collateral kills)
  Menkaure (D:4)
  2 orcs (D:3)
3 creatures vanquished.

Grand Total: 130 creatures vanquished

Notes
Turn   | Place    | Note
-------+----------+-------------------------------------------
     0 | D:1      | Monsterracer the Draconian Transmuter began the quest for the Orb.
     0 | D:1      | Reached XP level 1. HP: 16/16 MP: 3/3
   104 | D:1      | Reached XP level 2. HP: 16/23 MP: 3/5
   111 | D:1      | Learned a level 2 spell: Sticks to Snakes
   576 | D:2      | Reached XP level 3. HP: 16/28 MP: 4/6
   591 | D:2      | Learned a level 3 spell: Spider Form
   643 | D:2      | Reached skill level 4 in Unarmed Combat
   848 | D:2      | Reached XP level 4. HP: 35/35 MP: 3/7
  1125 | D:2      | Found a runed door.
  1228 | D:2      | Noticed Crazy Yiuf
  1234 | D:2      | Killed Crazy Yiuf
  1234 | D:2      | Reached skill level 5 in Unarmed Combat
  1380 | D:3      | Reached XP level 5. HP: 37/40 MP: 6/8
  1745 | D:3      | Noticed Jessica
  1754 | D:3      | Killed Jessica
  2106 | D:4      | Reached XP level 6. HP: 47/47 MP: 9/9
  2144 | D:4      | Reached skill level 6 in Unarmed Combat
  2309 | D:4      | Noticed Menkaure
  2322 | D:4      | Killed Menkaure
  2590 | D:4      | Your scales start taking on a pale cyan-grey colour.
  2590 | D:4      | Reached XP level 7. HP: 48/52 MP: 1/10
  2674 | D:4      | Learned a level 5 spell: Blade Hands
  2689 | D:4      | Noticed Overlord's ghost (amateur DrFE)
  2709 | D:4      | Killed Overlord's ghost
  2709 | D:4      | Reached skill level 7 in Unarmed Combat
  3246 | D:4      | Found Zaxzoxzots's Magic Scroll Shop.
  3254 | D:4      | Bought a scroll of magic mapping for 42 gold pieces
  3254 | D:4      | Bought a scroll of blinking for 90 gold pieces
  3482 | D:5      | Entered Level 5 of the Dungeon
  3484 | D:5      | Noticed Terandir's ghost (amateur DEEE)
  3488 | D:5      | Killed Terandir's ghost
  3488 | D:5      | Reached skill level 5 in Transmutations
  3871 | D:5      | Found a staircase to the Ecumenical Temple.
  3912 | Temple   | Entered the Ecumenical Temple
  4074 | D:5      | Reached skill level 8 in Unarmed Combat
  4101 | D:5      | Reached XP level 8. HP: 20/59 MP: 5/11
  4534 | D:5      | Found a shadowy altar of Dithmenos.
  4540 | D:5      | Found a blossoming altar of Fedhas.
  4543 | D:5      | Found an iron altar of Okawaru.
  4551 | D:5      | Became a worshipper of Warmaster Okawaru
  4916 | D:6      | Found an opulent altar of Gozag.
  5081 | D:6      | Slain by an orc warrior

Skill      XL: |  1  2  3  4  5  6  7  8 |
---------------+-------------------------+-----
Unarmed Combat | 4 5 6 8 |  8.4
Transmutations | 3 4 5 |  5.9
Dodging        | 2 |  2.2
Fighting       | |  1.7
Spellcasting   | |  2.0
Invocations    | |  0.9

Action                   |  1- 3 |  4- 6 |  7- 9 || total
-------------------------+-------+-------+-------++-------
Melee: Unarmed           |   153 |   169 |   199 ||   521
       Tailslap          |    14 |     4 |     9 ||    27
       Headbutt          |     7 |     5 |       ||    12
       Kick              |     4 |       |       ||     4
       Punch             |     1 |     2 |     3 ||     6
 Cast: Beastly Appendage |    12 |     6 |       ||    18
       Spider Form       |     1 |     8 |     5 ||    14
       Sticks to Snakes  |     1 |     3 |     1 ||     5
       Blade Hands       |       |       |     1 ||     1
 Abil: Breathe Steam     |       |       |     2 ||     2
  Use: Potion            |     2 |     6 |       ||     8
       Scroll            |       |     7 |     4 ||    11
  Eat: Chunk             |       |     7 |    11 ||    18
Armor: Skin              |    60 |    41 |    44 ||   145
Dodge: Dodged            |   114 |    98 |   100 ||   312
